 Dungeon Crawl Stone Soup version 0.28.0-49-g6dfe1f597d (webtiles) character file.

Game seed: 15362282834165830374

560078 Peloso the Minotaur Barricade (level 25, -12/385 HPs)
             Began as a Minotaur Fighter on May 13, 2022.
             Was the Champion of Okawaru.
             Mangled by an acid blob (19 damage)
             ... created by the Royal Jelly
             ... on level 5 of the Pits of Slime.
             The game lasted 03:47:41 (72579 turns).

Peloso the Minotaur Barricade (Minotaur Fighter)   Turns: 72579, Time: 03:47:42

Health: -12/385    AC: 28    Str: 29    XL:     25   Next: 32%
Magic:  9/24       EV: 14    Int:  7    God:    Okawaru [******]
Gold:   2620       SH: 26    Dex: 19    Spells: 24/24 levels left

rFire   + + .      SeeInvis +   a - +9 double sword (flame)
rCold   + . .      Faith    .   C - +2 kite shield of Noenatu {rPois rCorr}
rNeg    + + .      Spirit   .   v - +12 gold dragon scales
rPois   +          Reflect  +   f - +3 crown of Dyrovepreva {rElec Int+2 SInv}
rElec   +          Harm     .   k - +2 cloak {Stlth+}
rCorr   +          Rampage  .   N - +0 pair of gloves of Creativity {Str+2 Slay+6}
Will    ++...                   w - +0 pair of boots "Kotuv" {rN+ Will+ Regen+ Dex+3}
Stlth   ..........              j - amulet of reflection
HPRegen 1.54/turn               s - ring of protection from fire
MPRegen 0.19/turn               Z - ring of positive energy

@: berserking (expiring), heroic, corroded, very quick
A: horns 2, retaliatory headbutt, agile 1, deformed body, screaming 1, weak 1
}: 3/15 runes: barnacled, silver, gossamer
a: Renounce Religion, Heroism, Finesse, Duel


You were on level 5 of the Pits of Slime.
You worshipped Okawaru.
Okawaru was exalted by your worship.
You visited 12 branches of the dungeon, and saw 54 of its levels.
You visited 1 bazaar.
You also visited: Sewer, Bailey, Gauntlet and Volcano.

You collected 7672 gold pieces.
You spent 5052 gold pieces at shops.

Inventory:

Hand Weapons
 a - a +9 double sword of flaming (weapon)
 b - the +10 demon blade "Trog's Hatred" {vamp, Int+4 Dex+8}
   (You found it on level 3 of the Depths)

   It occasionally heals its wielder for a portion of the damage dealt when it
   wounds a living foe.
   Int:       It affects your intelligence (+4).
   Dex:       It affects your dexterity (+8).
 P - the +7 great mace "Firestarter" {inner flame, rF++}
   (You bought it in a shop on level 2 of the Orcish Mines)

   It burns those it strikes, dealing additional fire damage.
   It fills those it strikes with an explosive inner flame.
   It grants immunity to clouds of flame.
   rF:        It greatly protects you from fire.
Armour
 f - the +3 crown of Dyrovepreva (worn) {rElec Int+2 SInv}
   (Okawaru gifted it to you on level 4 of the Vaults)

   Int:       It affects your intelligence (+2).
   rElec:     It insulates you from electricity.
   SInv:      It lets you see invisible.
 k - a +2 cloak of stealth (worn)
 o - the +7 tower shield "Xugaebug" {Dex+4}
   (Okawaru gifted it to you on level 3 of the Elven Halls)

   Dex:       It affects your dexterity (+4).
 v - +12 gold dragon scales (worn)
 w - the +0 pair of boots "Kotuv" (worn) {rN+ Will+ Regen+ Dex+3}
   (Okawaru gifted it to you on level 2 of the Orcish Mines)

   Dex:       It affects your dexterity (+3).
   rN:        It protects you from negative energy.
   Regen:     It increases your rate of health regeneration.
   Will:      It increases your willpower.
 C - the +2 kite shield of Noenatu (worn) {rPois rCorr}
   (Okawaru gifted it to you on level 4 of the Spider Nest)

   rPois:     It protects you from poison.
   rCorr:     It protects you from acid and corrosion.
 L - the +5 plate armour of Vanity {rPois Regen+ Stlth+}
   (Okawaru gifted it to you on level 3 of the Pits of Slime)

   rPois:     It protects you from poison.
   Regen:     It increases your rate of health regeneration.
   Stlth:     It makes you more stealthy.
 N - the +0 pair of gloves of Creativity (worn) {Str+2 Slay+6}
   (You bought it in a shop in a bazaar)

   Str:       It affects your strength (+2).
   Slay:      It affects your accuracy & damage with ranged weapons and melee
   (+6).
Jewellery
 j - an amulet of reflection (around neck)
 m - a ring of see invisible
 p - the necklace of Bloodlust {*Rage Will++ Int-3 Slay+6}
   (You took it off a tengu reaver on level 4 of the Vaults)

   [amulet of nothing]

   It extends the wearer's berserk rage when killing foes.
   Int:       It affects your intelligence (-3).
   Slay:      It affects your accuracy & damage with ranged weapons and melee
   (+6).
   *Rage:     It berserks you when you make melee attacks (+50% chance).
   Will:      It greatly increases your willpower.
 s - a ring of protection from fire (left hand)
 z - the ring "Xuovomue" {rC+ Stlth+}
   (You took it off a deep elf death mage on level 3 of the Elven Halls)

   [ring of protection from cold]

   rC:        It protects you from cold.
   Stlth:     It makes you more stealthy.
 B - a ring of willpower
 H - the amulet of Cielavi {Spirit Regen+}
   (You took it off a deep elf annihilator on level 3 of the Elven Halls)

   [amulet of guardian spirit]

   It causes incoming damage to be divided between your reserves of health and
   magic.
   Regen:     It increases your rate of health regeneration.
 Z - a ring of positive energy (right hand)
Wands
 c - a wand of paralysis (7)
 g - a wand of flame (6)
 l - a wand of iceblast (4)
 A - a wand of polymorph (5)
 K - a wand of acid (6)
 S - a wand of digging (12)
Scrolls
 q - a scroll of enchant weapon
 t - a scroll of amnesia
 u - 2 scrolls of teleportation
 x - a scroll of silence
 y - 3 scrolls of fear
 D - 7 scrolls of blinking
 E - 5 scrolls of magic mapping
 I - 6 scrolls of immolation
 J - a scroll of enchant armour
 U - a scroll of acquirement
 Y - 8 scrolls of noise
Potions
 d - 9 potions of might
 e - 3 potions of berserk rage
 h - 8 potions of flight
 i - 2 potions of heal wounds
 n - 5 potions of mutation
 r - 16 potions of curing
 F - 9 potions of resistance
 G - 9 potions of haste


   Skills:
 O Level 27 Fighting
 O Level 27 Long Blades
 + Level 12.3(17.6) Axes
 + Level 3.1(13.5) Maces & Flails
 + Level 2.3(13.2) Polearms
 + Level 25.0(27) Armour
 + Level 7.6(12.6) Dodging
 + Level 4.0(9.0) Stealth
 O Level 27 Shields
 + Level 3.8 Invocations
 + Level 0.7 Evocations


You had 24 spell levels left.
You didn't know any spells.
Your spell library contained the following spells:

 Spells                   Type           Power      Damage    Failure   Level
 Apportation              Tloc           0%         N/A       95%         1
 Pain                     Necr           0%         1d4       95%         1
 Blink                    Tloc           0%         N/A       98%         2
 Corpse Rot               Necr/Air       0%         N/A       98%         2
 Ensorcelled Hibernation  Hex/Ice        0%         N/A       98%         2
 Passwall                 Tmut/Erth      0%         N/A       98%         2
 Poisonous Vapours        Pois/Air       0%         N/A       98%         2
 Static Discharge         Conj/Air       0%         N/A       98%         2
 Sublimation of Blood     Necr           0%         N/A       98%         2
 Confusing Touch          Hex            0%         N/A       100%        3
 Conjure Flame            Conj/Fire      0%         6-21      100%        3
 Dazzling Flash           Conj/Hex       0%         N/A       100%        3
 Frozen Ramparts          Ice            0%         1d2       100%        3
 Gell's Gravitas          Tloc           0%         N/A       100%        3
 Ignite Poison            Fire/Tmut/Pois 0%         N/A       100%        3
 Inner Flame              Hex/Fire       0%         N/A       100%        3
 Lesser Beckoning         Tloc           0%         N/A       100%        3
 Ozocubu's Armour         Ice            0%         N/A       100%        3
 Portal Projectile        Hex/Tloc       0%         N/A       100%        3
 Spider Form              Tmut/Pois      0%         N/A       100%        3
 Stone Arrow              Conj/Erth      0%         3d7       100%        3
 Teleport Other           Tloc           0%         N/A       100%        3
 Vampiric Draining        Necr           0%         2d6       100%        3
 Airstrike                Air            0%         N/A       100%        4
 Anguish                  Hex/Necr       0%         N/A       100%        4
 Dispel Undead            Necr           0%         3d6       100%        4
 Fulminant Prism          Conj/Hex       0%         3d6       100%        4
 Ice Form                 Ice/Tmut       0%         N/A       100%        4
 Iskenderun's Mystic Bla  Conj/Tloc      0%         2d3       100%        4
 Leda's Liquefaction      Hex/Erth       0%         N/A       100%        4
 Passage of Golubria      Tloc           0%         N/A       100%        4
 Petrify                  Tmut/Erth      0%         N/A       100%        4
 Sticky Flame             Conj/Fire      0%         2d3       100%        4
 Agony                    Necr           0%         N/A       100%        5
 Blade Hands              Tmut           0%         N/A       100%        5
 Borgnjor's Vile Clutch   Necr/Erth      0%         N/A       100%        5
 Excruciating Wounds      Necr           0%         N/A       100%        5
 Irradiate                Conj/Tmut      0%         3d14      100%        5
 Lee's Rapid Deconstruct  Erth           0%         3d5*      100%        5
 Lightning Bolt           Conj/Air       0%         1d11      100%        5
 Manifold Assault         Tloc           0%         N/A       100%        5
 Silence                  Hex/Air        0%         N/A       100%        5
 Yara's Violent Unravell  Hex/Tmut       0%         3d3       100%        5
 Dispersal                Tloc           0%         N/A       100%        6
 Iron Shot                Conj/Erth      0%         9d1       100%        6
 Starburst                Conj/Fire      0%         6d3       100%        6
 Statue Form              Tmut/Erth      0%         N/A       100%        6
 Enfeeble                 Hex            0%         N/A       100%        7
 Ozocubu's Refrigeration  Ice            0%         4d5       100%        7
 Storm Form               Tmut/Air       0%         N/A       100%        7
 Disjunction              Tloc           0%         N/A       100%        8
 Lehudib's Crystal Spear  Conj/Erth      0%         10d2      100%        8
 Maxwell's Capacitive Co  Air            0%         ∞         100%        8
 Death's Door             Necr           0%         N/A       100%        9
 Fire Storm               Conj/Fire      0%         5d1       100%        9
 Polar Vortex             Ice            0%         N/A       100%        9
 Animate Skeleton         Necr           Unusable   N/A       N/A         1
 Summon Small Mammal      Summ           Unusable   N/A       N/A         1
 Call Canine Familiar     Summ           Unusable   N/A       N/A         3
 Animate Armour           Summ/Erth      Unusable   N/A       N/A         4
 Summon Ice Beast         Ice/Summ       Unusable   N/A       N/A         4
 Summon Lightning Spire   Summ/Air       Unusable   N/A       N/A         4
 Summon Forest            Summ/Tloc      Unusable   N/A       N/A         5
 Death Channel            Necr           Unusable   N/A       N/A         6
 Simulacrum               Ice/Necr       Unusable   N/A       N/A         6
 Infestation              Necr           Unusable   N/A       N/A         8

Dungeon Overview and Level Annotations

Branches:
Dungeon (15/15)            Temple (1/1) D:6            Lair (6/6) D:8
 Shoals (4/4) Lair:4       Spider (4/4) Lair:4        Slime (5/5) Lair:5
    Orc (2/2) D:12            Elf (3/3) Orc:2        Vaults (5/5) D:13
  Crypt (3/3) Vaults:3       Tomb (0/3) Crypt:3      Depths (4/4) D:15
    Zot (2/5) Depths:4      Sewer (visited)          Bailey (visited)
Volcano (visited)         Gauntlet (visited)

Altars:
Ashenzari
Elyvilon
Fedhas
Gozag
Hepliaklqana
Kikubaaqudgha
Makhleb
Nemelex Xobeh
Okawaru
Qazlal
Sif Muna
Trog
Uskayaw
Vehumet
Wu Jian
Xom
The Shining One
Beogh
Lugonu

Shops:
D:1 !   D:8 **   D:9 ?   D:15 [   Orc:2 :(*[   Elf:1 (*   Elf:2 !   Elf:3 [
Shoals:3 [=:(   Vaults:1 *   Vaults:2 [   Depths:1 ?*   Depths:2 *
Depths:4 *[

Portals:
Hell: Depths:1 Depths:2 Depths:3 Depths:4
Abyss: Crypt:1 Depths:3
Pandemonium: Depths:2 Depths:3
Ziggurat: Depths:1

Annotations:
Shoals:3 jaiteiro's ghost, journeyman DrEE


Innate Abilities, Weirdness & Mutations

You have a pair of horns on your head.
You reflexively headbutt those who attack you in melee.
You are agile. (Dex +2)
Armour fits poorly on your strangely shaped body.
You occasionally shout uncontrollably at your foes.
You are weak. (Str -2)


Message History

Your lungs strain for air!
The acid blob hits you!!
* * * LOW HITPOINT WARNING * * *
You are splashed with acid.
You resist.
* * * LOW HITPOINT WARNING * * *
You gasp with relief as air once again reaches your lungs.
You block the quicksilver ooze's attack. x2
You block the rockslime's attack. The rockslime hits you!
* * * LOW HITPOINT WARNING * * *
You hold your ground!
You slice the quicksilver ooze!! You burn the quicksilver ooze!
The quicksilver ooze is almost dead.
The rockslime hits you!
* * * LOW HITPOINT WARNING * * *
You hold your ground!
The acid blob hits you!
* * * LOW HITPOINT WARNING * * *
You are splashed with acid.
You resist.
* * * LOW HITPOINT WARNING * * *
The rockslime hits you!!
* * * LOW HITPOINT WARNING * * *
You hold your ground!
The acid blob spits acid at you. The splash of acid hits you! You resist.
* * * LOW HITPOINT WARNING * * *
The acid corrodes you! The quicksilver ooze hits you.
The quicksilver ooze hits you!
* * * LOW HITPOINT WARNING * * *
You feel your power leaking away.
You are too berserk!
You chop the quicksilver ooze into pieces!!!
You burn the quicksilver ooze.
You kill the quicksilver ooze!
That felt strangely unrewarding.
You block the rockslime's attack. x3
Unknown command.
You slash the quicksilver ooze! You burn the quicksilver ooze.
You headbutt the quicksilver ooze!
The quicksilver ooze is heavily wounded.
You block the rockslime's attack. You block the acid blob's attack.
The acid blob hits you!!
You die...

................#
.................
...............##
................#
...............#
.......J.......###
.....JJJJJ.......#
.....JJJJJ.......##
.....JJ@JJJ.......##
......JJJ...........
......J.............
......<.............
.##.................
###...............
##..............
####..........^ .
#............ ..


You could see 3 acid blobs, 2 azure jellies, a slime creature, 6 rockslimes and
8 quicksilver oozes.

Vanquished Creatures
  the Royal Jelly (Slime:5)
  An orb of fire (Zot:2)
  An ancient lich (Depths:2)
  Mennas (Vaults:4)
  Sojobo (Depths:1)
  Bai Suzhen (Vaults:2)
  Margery (Crypt:2)
  Saint Roka (Orc:2)
  2 curse toes (Zot:2)
  Jory (Depths:3)
  3 golden dragons
  3 bone dragons
  7 tentacled monstrosities
  2 liches
  4 titans
  2 deep elf master archers (Elf:3)
  2 deep elf blademasters
  3 quicksilver dragons
  5 ancient champions
  3 death cobs
  A kraken (Shoals:4)
  Polyphemus (Shoals:4)
  9 acid blobs
  6 sphinxes
  Donald (Orc:2)
  10 tengu reavers
  Roxanne (Shoals:1)
  The ghost of case the Executioner, an adept MiBe of Trog (Shoals:2)
  11 shadow dragons
  8 storm dragons
  6 rockslimes
  2 emperor scorpions (Spider:4)
  6 fire giants
  4 azure jellies
  11 vault wardens
  3 deep elf sorcerers
  Aizul (Shoals:3)
  2 draconian scorchers (Zot:2)
  4 draconian knights
  9 frost giants
  6 orc warlords
  8 ghost moths
  2 deep elf elementalists (Elf:3)
  A balrug (Depths:2)
  4 curse skulls
  3 draconian shifters (Zot:2)
  2 draconian annihilators (Zot:2)
  A war gargoyle (Vaults:5)
  2 reapers
  3 draconian stormcallers
  A juggernaut zombie (Depths:3)
  7 ghouls
  17 stone giants
  7 ironbound thunderhulks
  3 quicksilver oozes
  2 broodmothers
  16 ironbound preservers
  10 vampire knights
  16 very ugly things
  14 green draconians
  A black draconian (Zot:1)
  8 deep elf annihilators
  17 dire elephants
  5 deep elf demonologists
  6 entropy weavers
  10 yellow draconians
  4 red draconians
  4 purple draconians
  5 white draconians
  The ghost of Kaptain the Geomancer, a journeyman GrEE (Lair:4)
  A minotaur (Gauntlet)
  12 spark wasps
  Snorg (D:11)
  An eidolon (Crypt:3)
  9 fire dragons
  9 merfolk javelineers
  6 deep elf death magi
  2 crystal guardians
  Josephine (D:12)
  6 ettins
  6 jiangshi
  18 yaktaur captains
  5 great orbs of eyes
  Fannar (D:12)
  7 merfolk impalers
  7 ice dragons
  5 deep elf high priests
  9 boulder beetles
  4 spriggan air magi
  10 hydras
  Erolcha (D:10)
  2 rakshasas (Depths:1)
  35 vault guards
  4 merfolk avatars
  A jorogumo (Spider:3)
  2 peacekeepers
  The ghost of 101zpm the Thaumaturge, a journeyman DjFE of Hepliaklqana (D:11)
  3 alligator snapping turtles (Shoals:4)
  13 centaur warriors
  4 catoblepae
  7 ogre magi
  A radroach (Spider:4)
  11 ironbound frosthearts
  5 alligators (Shoals:4)
  28 dancing weapons
  An anaconda (shapeshifter) (Vaults:4)
  4 death knights
  A spectral frost giant (Depths:2)
  Erica (Lair:1)
  9 merfolk aquamancers (Shoals:4)
  A two-headed ogre (shapeshifter) (Depths:1)
  11 death yaks
  A satyr (shapeshifter) (Vaults:5)
  6 deep troll shamans
  15 two-headed ogres
  3 orc high priests (Orc:2)
  12 deep troll earth magi
  11 vampire magi
  A titan skeleton (Crypt:2)
  An emperor scorpion zombie (Crypt:3)
  A sun demon (Depths:3)
  10 hell knights
  2 soul eaters (Depths:2)
  A shock serpent (shapeshifter) (Depths:1)
  4 spriggan berserkers
  2 sun moths
  9 shadow wraiths
  15 deep elf knights
  5 pharaoh ants
  23 skeletal warriors
  A spriggan (Depths:1)
  A goliath frog (Shoals:4)
  11 iron trolls
  2 sixfirhies (Depths:3)
  2 glowing orange brains (shapeshifter) (Elf:2)
  10 orb spiders
  5 glowing orange brains
  13 sea snakes
  5 steelbarb worms
  2 bog bodies
  58 deep trolls
  7 flayed ghosts
  An orb spider (shapeshifter) (Vaults:4)
  15 wizards
  2 golden dragon skeletons (Depths:3)
  17 deep elf archers
  Pikel (D:8)
  16 ironbound convokers
  An obsidian statue (Vaults:3)
  15 harpies
  18 phantasmal warriors
  2 shadow dragon zombies
  5 necromancers
  A swamp dragon (Zot:2)
  19 deep elf pyromancers
  A broodmother zombie (Crypt:2)
  6 orc sorcerers
  12 lindwurms
  54 ugly things
  14 orc knights
  An eleionoma zombie (Crypt:3)
  5 fauns
  28 deep elf zephyrmancers
  11 cyclopes
  A spectral alligator snapping turtle (Shoals:3)
  A sphinx skeleton (Depths:2)
  8 wolf spiders
  28 manticores
  A dire elephant zombie (Crypt:2)
  3 salamanders (Volcano)
  12 elephants
  6 merfolk sirens
  5 moths of wrath
  3 shining eyes (Slime:5)
  A rust devil (Depths:3)
  7 black mambas
  5 water nymphs
  An eye of devastation (Slime:5)
  Maurice (D:9)
  2 smoke demons
  22 vault sentinels
  A kobold demonologist (D:12)
  3 orange demons
  14 cane toads
  2 torpor snails
  9 rime drakes
  6 demonic crawlers
  17 komodo dragons
  A komodo dragon (shapeshifter) (Elf:2)
  An unseen horror (shapeshifter) (Vaults:5)
  6 freezing wraiths
  A black draconian skeleton (Crypt:3)
  An efreet (D:13)
  27 yaktaurs
  An ice devil (Depths:3)
  A tengu conjurer (D:13)
  A hellwing (Depths:2)
  6 meliai
  36 merfolk
  5 trolls
  4 guardian mummies (Crypt:3)
  6 wind drakes
  A red devil (Gauntlet)
  3 polar bears
  8 hornets
  A queen bee (Spider:4)
  A culicivora zombie (Crypt:3)
  A harpy skeleton (Crypt:3)
  35 slime creatures
  24 tarantellas
  8 blink frogs
  8 snapping turtles
  The ghost of doomsgape the Skirmisher, an amateur GrFi (D:5)
  20 jumping spiders
  A spectral manticore (Shoals:3)
  An air elemental (Elf:3)
  17 dream sheep
  2 centaur simulacra (Gauntlet)
  12 culicivoras
  A black mamba zombie (Crypt:2)
  12 wraiths
  7 flying skulls
  3 vampires (Vaults:3)
  25 water elementals
  An ice dragon skeleton (Crypt:1)
  Sigmund (D:7)
  A shadow (D:12)
  7 fire elementals
  40 yaks
  10 wyverns
  7 basilisks
  A human (D:13)
  4 steam dragons
  7 fire bats (Volcano)
  2 yaks (shapeshifter)
  58 redbacks
  9 vampire mosquitoes
  4 wargs
  Menkaure (D:5)
  A harpy simulacrum (Shoals:3)
  Edmund (D:7)
  2 acid dragons
  9 water moccasins
  8 black bears
  47 orc warriors
  2 sky beasts
  Pargi (Sewer)
  A hornet zombie (D:7)
  17 ogres
  6 necrophages
  22 wolves
  14 centaurs
  A lemure (D:8)
  14 kobold brigands
  A salamander zombie (Crypt:1)
  16 bullfrogs
  2 gnoll sergeants
  2 wyvern zombies
  A palentonga skeleton (Crypt:2)
  2 scorpions
  A cane toad simulacrum (Gauntlet)
  A wyvern skeleton (D:7)
  A hornet simulacrum (D:15)
  A shapeshifter zombie (Crypt:1)
  A water moccasin skeleton (D:4)
  A snapping turtle simulacrum (Shoals:3)
  16 killer bees
  4 merfolk simulacra (Shoals:3)
  2 electric eels
  A howler monkey (D:9)
  2 raiju skeletons (Crypt:1)
  A manticore simulacrum (Shoals:3)
  9 wights (D:8)
  A yak skeleton (Crypt:3)
  3 crimson imps (Gauntlet)
  16 jellies
  5 centaur zombies
  A bullfrog zombie (D:5)
  2 hounds
  A centaur skeleton (D:7)
  A basilisk skeleton (Crypt:1)
  2 gnoll shamans
  28 orc priests
  23 orc wizards
  A scorpion zombie (Crypt:2)
  A demigod skeleton (Crypt:2)
  3 tengu skeletons
  An ogre skeleton (Crypt:3)
  A hound zombie (D:5)
  2 howler monkey zombies
  14 gnolls
  10 adders
  A river rat (D:6)
  A shadow imp (D:6)
  2 white imps
  A lava snake zombie (Crypt:1)
  A lava snake skeleton (Crypt:1)
  2 dart slugs
  95 orcs
  12 ball pythons
  5 bats
  A bat zombie (Crypt:3)
  7 endoplasms
  2 giant cockroaches (D:2)
  A gnoll zombie (Crypt:2)
  5 hobgoblins
  3 jackals (Sewer)
  5 quokkas
  3 frilled lizards
  A frilled lizard zombie (Crypt:1)
  3 goblins
  A hobgoblin skeleton (Crypt:1)
  A jackal skeleton (Crypt:2)
  36 kobolds
  9 rats
  2 lurking horrors (Crypt:1)
  A tentacle (Shoals:4)
2207 creatures vanquished.

Vanquished Creatures (others)
  A fire giant (Depths:2)
  A deep elf elementalist (Elf:3)
  A merfolk aquamancer (Shoals:4)
  3 deep elf knights
  2 harpies
  A deep elf pyromancer (Elf:2)
  2 manticores (Shoals:2)
  A merfolk (Shoals:3)
  An ogre (Vaults:4)
  An orc wizard (Orc:2)
  55 fungi
  A lurking horror (Crypt:1)
  139 plants
  24 tentacles
  27 withered plants (Gauntlet)
260 creatures vanquished.

Grand Total: 2467 creatures vanquished

Notes
Turn   | Place    | Note
-------+----------+-------------------------------------------
     0 | D:1      | Peloso the Minotaur Fighter began the quest for the Orb.
     0 | D:1      | Reached XP level 1. HP: 19/19 MP: 0/0
   145 | D:1      | Found a faded altar of an unknown god.
   257 | D:1      | Found Imiygirph's Distillery.
   398 | D:1      | Reached XP level 2. HP: 21/27 MP: 1/1
   884 | D:2      | Reached XP level 3. HP: 33/33 MP: 2/2
  1137 | D:2      | Noticed a gnoll sergeant
  1154 | D:2      | Reached XP level 4. HP: 26/40 MP: 3/3
  1395 | D:2      | Killed a gnoll sergeant
  1396 | D:2      | Reached skill level 5 in Armour
  1396 | D:2      | Reached XP level 5. HP: 4/47 MP: 4/4
  2047 | D:2      | Found the +8 woodcutter's axe {vorpal}
  2124 | D:3      | Noticed a black bear
  2128 | D:3      | Killed a black bear
  2129 | D:3      | Reached skill level 1 in Dodging
  2200 | D:3      | Noticed an ogre
  2206 | D:3      | Killed an ogre
  2207 | D:3      | Reached skill level 5 in Fighting
  2207 | D:3      | Reached skill level 5 in Long Blades
  2207 | D:3      | Reached XP level 6. HP: 28/56 MP: 5/5
  3127 | D:4      | Reached skill level 1 in Axes
  3307 | D:4      | Found an opulent altar of Gozag.
  3317 | D:4      | Reached XP level 7. HP: 57/61 MP: 6/6
  3760 | D:5      | Entered Level 5 of the Dungeon
  3773 | D:5      | Noticed Menkaure
  3781 | D:5      | Killed Menkaure
  3866 | D:5      | Reached XP level 8. HP: 59/70 MP: 7/7
  3970 | D:5      | Reached skill level 1 in Stealth
  4162 | D:5      | Found a runed translucent door.
  4172 | D:5      | Noticed doomsgape's ghost (amateur GrFi)
  4314 | D:5      | Reached skill level 5 in Shields
  4526 | D:5      | Killed doomsgape's ghost
  4644 | D:6      | Found a glowing drain.
  4669 | Sewer    | Entered a sewer
  4839 | Sewer    | Noticed Pargi
  4845 | Sewer    | Killed Pargi
  4846 | Sewer    | Reached XP level 9. HP: 72/79 MP: 8/8
  4942 | D:6      | Found a staircase to the Ecumenical Temple.
  4984 | Temple   | Entered the Ecumenical Temple
  5057 | Temple   | Became a worshipper of Warmaster Okawaru
  5768 | D:7      | Reached skill level 5 in Axes
  5868 | D:7      | Noticed Edmund
  5875 | D:7      | Killed Edmund
  5949 | D:7      | Noticed Sigmund
  5954 | D:7      | Killed Sigmund
  5954 | D:7      | Reached * piety under Okawaru
  5984 | D:7      | Identified the +8 plate armour of Precision Catastrophes
                  | {Int+4}
  6451 | D:8      | Found a staircase to the Lair.
  6467 | D:8      | Reached skill level 10 in Armour
  6470 | D:8      | Reached ** piety under Okawaru
  6477 | D:8      | Reached XP level 10. HP: 66/90 MP: 9/9
  6602 | D:8      | Noticed Pikel
  6609 | D:8      | Killed Pikel
  6691 | D:8      | Reached *** piety under Okawaru
  7041 | D:8      | Found Gyshoi's Specific Store.
  7043 | D:8      | Found Tacilikh's General Store.
  7484 | D:9      | Noticed Maurice
  7489 | D:9      | Killed Maurice
  7542 | D:9      | Found Siun's Magic Scroll Emporium.
  7560 | D:9      | Reached skill level 10 in Fighting
  7567 | D:9      | Found a flagged portal.
  7593 | Bailey   | Entered a bailey
  7654 | Bailey   | Reached **** piety under Okawaru
  7725 | Bailey   | Found a burning altar of Makhleb.
  7970 | D:9      | Identified the +6 short sword of Foolhardiness {venom,
                  | Str+4}
  8925 | D:10     | Entered Level 10 of the Dungeon
  8926 | D:10     | Noticed a two-headed ogre
  8933 | D:10     | Killed a two-headed ogre
  8933 | D:10     | Received a gift from Okawaru
  8934 | D:10     | Reached XP level 11. HP: 95/101 MP: 10/10
  8944 | D:10     | Noticed Erolcha
  9146 | D:10     | Killed Erolcha
  9146 | D:10     | Reached ***** piety under Okawaru
  9452 | D:10     | Received a gift from Okawaru
  9881 | D:11     | Reached skill level 10 in Shields
 10076 | D:11     | Found a transporter.
 10078 | D:11     | Noticed 101zpm's ghost (journeyman DjFE)
 10102 | D:11     | Found a transporter.
 10246 | D:11     | Noticed a four-headed hydra
 10259 | D:11     | Killed a four-headed hydra
 10260 | D:11     | Reached skill level 10 in Axes
 10597 | D:11     | Noticed Snorg
 10612 | D:11     | Killed Snorg
 10613 | D:11     | Reached skill level 1 in Polearms
 10918 | D:8      | Reached ****** piety under Okawaru
 10930 | Lair:1   | Entered Level 1 of the Lair of Beasts
 10995 | Lair:1   | Found a dark tunnel.
 11084 | Volcano  | Entered a volcano
 11123 | Volcano  | Received a gift from Okawaru
 11163 | Volcano  | Reached XP level 12. HP: 83/112 MP: 11/11
 11476 | Volcano  | Noticed a two-headed ogre
 11484 | Volcano  | Killed a two-headed ogre
 11677 | Volcano  | Noticed a two-headed ogre
 11686 | Volcano  | Killed a two-headed ogre
 11689 | Volcano  | Identified the +6 executioner's axe of Defence by Offence
                  | {pain, rElec Str+3 Dex+8} (Okawaru gifted it to you in a
                  | volcano)
 11689 | Volcano  | Received a gift from Okawaru
 11716 | Volcano  | Noticed a fire dragon
 11734 | Volcano  | Killed a fire dragon
 12355 | Lair:1   | Reached skill level 1 in Invocations
 12452 | Lair:1   | Noticed Erica
 12459 | Lair:1   | Killed Erica
 13134 | Lair:2   | Noticed a catoblepas
 13147 | Lair:2   | Killed a catoblepas
 13290 | Lair:2   | Received a gift from Okawaru
 13573 | Lair:2   | Noticed a six-headed hydra
 13581 | Lair:2   | Killed a two-headed hydra
 14087 | Lair:2   | Noticed a boulder beetle
 14129 | Lair:2   | Killed a boulder beetle
 14903 | Lair:3   | Found a glowing golden altar of the Shining One.
 14997 | Lair:3   | Reached XP level 13. HP: 123/123 MP: 13/13
 16127 | D:12     | Noticed Fannar
 16151 | D:12     | Killed Fannar
 16897 | D:12     | Found a staircase to the Orcish Mines.
 17135 | D:12     | Noticed Josephine
 17142 | D:12     | Killed Josephine
 17443 | Orc:1    | Entered Level 1 of the Orcish Mines
 17627 | Orc:2    | Entered Level 2 of the Orcish Mines
 17627 | Orc:2    | Noticed Saint Roka
 17657 | Orc:2    | Found a staircase to the Elven Halls.
 17669 | Orc:2    | Noticed an orc warlord
 17678 | Orc:2    | Identified the +0 pair of boots "Kotuv" {rN+ Will+ Regen+
                  | Dex+3} (Okawaru gifted it to you on level 2 of the Orcish
                  | Mines)
 17678 | Orc:2    | Received a gift from Okawaru
 17766 | Orc:2    | Found a gate leading to a gauntlet.
 17775 | Gauntlet | Entered a Gauntlet
 17775 | Gauntlet | Found a transporter.
 17775 | Gauntlet | Found a transporter.
 17775 | Gauntlet | Found a transporter.
 17795 | Gauntlet | Found a transporter.
 17812 | Gauntlet | Found a transporter.
 17820 | Gauntlet | Noticed a blizzard demon
 17831 | Gauntlet | Found a transporter.
 17852 | Gauntlet | Found a transporter.
 17870 | Gauntlet | Found a transporter.
 17894 | Gauntlet | Found a transporter.
 17899 | Gauntlet | Found a transporter.
 17913 | Gauntlet | Found a transporter.
 17928 | Gauntlet | Found a transporter.
 18866 | Gauntlet | Identified the +4 great sword of Understanding {flame,
                  | Will+ Str+3 Int+3}
 18866 | Gauntlet | Noticed a minotaur
 18902 | Gauntlet | Killed a minotaur
 18910 | Gauntlet | Identified the +6 morningstar of Discord {venom, rPois rC+
                  | Str+2}
 18910 | Gauntlet | Identified the +6 long sword of Igutwo {drain, rPois Str+3}
 18910 | Gauntlet | Identified the +4 halberd of Indomitability {vorpal, rPois
                  | rCorr Dex-4}
 19378 | Orc:2    | Noticed an orc warlord
 19402 | Orc:2    | Killed an orc warlord
 19410 | Orc:2    | Reached skill level 10 in Long Blades
 19984 | Orc:2    | Reached XP level 14. HP: 81/133 MP: 14/14
 20140 | Orc:2    | Killed an orc warlord
 20525 | Orc:2    | Identified the +6 fustibalus of Barnacled Fortitude {flame,
                  | rPois rC- SInv} (Okawaru gifted it to you on level 2 of the
                  | Orcish Mines)
 20525 | Orc:2    | Received a gift from Okawaru
 20838 | Orc:2    | Found Plog's General Store.
 20838 | Orc:2    | Found Xavioz's Book Emporium.
 20841 | Orc:2    | Found Imemmu Sais's Antique Armour Shoppe.
 20841 | Orc:2    | Found Ibrace's Antique Weapon Shoppe.
 20851 | Orc:2    | Bought a pitted chain mail for 399 gold pieces
 20851 | Orc:2    | Identified the +5 chain mail of Watchfulness {rN+} (You
                  | bought it in a shop on level 2 of the Orcish Mines)
 21008 | Orc:2    | Bought a scroll of identify for 28 gold pieces
 21047 | Orc:2    | Killed Saint Roka
 21613 | Orc:2    | Noticed Donald
 21640 | Orc:2    | Killed Donald
 22179 | Orc:1    | Noticed an orc warlord
 22194 | Orc:1    | Killed an orc warlord
 22633 | D:13     | Reached skill level 15 in Fighting
 22801 | D:13     | Received a gift from Okawaru
 23447 | D:13     | Found a gate to the Vaults.
 23757 | D:14     | Received a gift from Okawaru
 23758 | D:14     | Reached skill level 15 in Shields
 24008 | D:14     | Reached skill level 15 in Armour
 24309 | D:15     | Entered Level 15 of the Dungeon
 24352 | D:15     | Identified a scroll of acquirement
 24593 | D:15     | Found Inivybb's Armour Boutique.
 24665 | D:15     | Reached XP level 15. HP: 80/141 MP: 15/15
 24689 | D:15     | HP: 4/141 [white ugly thing (27)]
 24958 | D:15     | Identified the +8 trident "Tauvvug" {vorpal, Int+4}
 25015 | D:15     | Found a staircase to the Depths.
 25016 | D:15     | Noticed a fire giant
 25269 | D:15     | Killed a fire giant
 25542 | D:11     | Killed 101zpm's ghost
 26016 | Lair:4   | Found a transporter.
 26017 | Lair:4   | Found a transporter.
 26044 | Lair:4   | Received a gift from Okawaru
 26070 | Lair:4   | Identified the +3 leather armour of Experimentation {rPois
                  | rF+ Int-5 Dex+2}
 26073 | Lair:4   | Noticed Kaptain's ghost (journeyman GrEE)
 26096 | Lair:4   | Found a hole to the Spider Nest.
 26190 | Lair:4   | Found a staircase to the Shoals.
 27331 | Lair:5   | Found a staircase to the Slime Pits.
 27857 | Lair:6   | Entered Level 6 of the Lair of Beasts
 28182 | Lair:6   | Received a gift from Okawaru
 28568 | Lair:6   | Reached XP level 16. HP: 147/152 MP: 16/16
 29221 | Lair:6   | Found a sparkling altar of Nemelex Xobeh.
 29444 | Lair:4   | Killed Kaptain's ghost
 29481 | Lair:4   | Identified the +1 flail "Wairaor" {pain, rElec rF- rN+++
                  | Int-4}
 29594 | Shoals:1 | Entered Level 1 of the Shoals
 29607 | Shoals:1 | You fall into a shaft and drop 1 floor!
 29663 | Shoals:1 | Identified the +5 scimitar of the Revolution {flame, rPois}
                  | (Okawaru gifted it to you on level 1 of the Shoals)
 29663 | Shoals:1 | Received a gift from Okawaru
 29767 | Shoals:1 | Identified Roxanne's Volume of the Mountains
 29767 | Shoals:1 | Noticed Roxanne
 29881 | Shoals:1 | Reached skill level 5 in Dodging
 30138 | Shoals:1 | Reached skill level 15 in Long Blades
 30564 | Shoals:1 | Killed Roxanne
 31094 | Shoals:2 | Noticed case's ghost (adept MiBe)
 31115 | Shoals:2 | Identified the -7 pair of boots "Wiobaf" {rCorr Int-3 SInv}
                  | (Okawaru gifted it to you on level 2 of the Shoals)
 31115 | Shoals:2 | Received a gift from Okawaru
 31281 | Shoals:2 | Found a transporter.
 31286 | Shoals:2 | Found a transporter.
 32018 | Shoals:2 | Killed case's ghost
 32133 | Shoals:2 | Identified the +1 cloak of the Unstoppable Towns {+Blink
                  | MP+9 Str-3 Stlth-}
 32136 | Shoals:2 | Identified the +4 hand crossbow of an ossuary {venom, rElec
                  | rF+ rN+ Int+2}
 32293 | Shoals:3 | Found a runed translucent gate.
 32293 | Shoals:3 | Found a runed translucent gate.
 32293 | Shoals:3 | Found a runed translucent gate.
 32301 | Shoals:3 | Noticed Aizul
 32329 | Shoals:3 | HP: 5/155 [merfolk/+0 trident (8)]
 32333 | Shoals:3 | Noticed a kraken
 32353 | Shoals:3 | Found Ybiolecw's Book Shop.
 32501 | Shoals:3 | Killed Aizul
 32705 | Shoals:3 | Found Sipimmof's Jewellery Shop.
 32783 | Shoals:3 | Noticed jaiteiro's ghost (journeyman DrEE)
 32851 | Shoals:3 | Found Uqagakurr's Armour Boutique.
 33200 | Shoals:3 | HP: 4/155 [merfolk javelineer/silver javelin (5)]
 33381 | Shoals:3 | Found Ziytoidi's Weapon Boutique.
 33708 | Shoals:3 | Got Qaoruy Uluru's Incunabulum of Transmutation and the
                  | Glacier
 33843 | Spider:1 | Entered Level 1 of the Spider Nest
 33869 | Spider:1 | Reached XP level 17. HP: 136/162 MP: 17/17
 34111 | Spider:1 | Identified the +0 chain mail "Duqidienk" {rF+ Will+ MP+9}
                  | (Okawaru gifted it to you on level 1 of the Spider Nest)
 34111 | Spider:1 | Received a gift from Okawaru
 34844 | Elf:1    | Entered Level 1 of the Elven Halls
 35082 | Elf:1    | Found Nogrieble's Weapon Shoppe.
 35311 | Elf:1    | Found Qaizxag's Assorted Antiques.
 35320 | Elf:1    | Bought a scroll labelled YMAAVV PISOKE for 25 gold pieces
 35849 | Elf:1    | Found a runed translucent gate.
 35849 | Elf:1    | Found a runed translucent gate.
 35849 | Elf:1    | Found a runed translucent gate.
 35849 | Elf:1    | Found a runed translucent gate.
 35849 | Elf:1    | Found a runed translucent gate.
 35851 | Elf:1    | Found a runed translucent gate.
 37094 | Elf:2    | Found Guinomaf's Distillery.
 37399 | Elf:2    | Bought a potion of heal wounds for 95 gold pieces
 37399 | Elf:2    | Bought a potion of might for 76 gold pieces
 37399 | Elf:2    | Bought a potion of curing for 57 gold pieces
 37411 | Elf:2    | Found an ancient bone altar of Kikubaaqudgha.
 37444 | Elf:2    | Received a gift from Okawaru
 37475 | Elf:2    | Found a runed translucent gate.
 37476 | Elf:2    | Found a runed translucent gate.
 37476 | Elf:2    | Found a runed translucent gate.
 37853 | Elf:3    | Entered Level 3 of the Elven Halls
 37951 | Elf:3    | Noticed a Tzitzimitl
 38002 | Elf:3    | Identified the +7 tower shield "Xugaebug" {Dex+4} (Okawaru
                  | gifted it to you on level 3 of the Elven Halls)
 38002 | Elf:3    | Received a gift from Okawaru
 38331 | Elf:3    | Found Hakk's Armour Boutique.
 38423 | Elf:3    | Reached XP level 18. HP: 136/173 MP: 19/19
 38583 | Elf:3    | Identified the +8 glaive of the Open Hand {venom, rF+ Str+4
                  | Int+3 Dex+3}
 38607 | Elf:3    | Paralysed by an air elemental for 1 turns
 39168 | Elf:3    | Identified the +1 buckler of True Grit {Str+3}
 39444 | Elf:3    | Noticed a Hell Sentinel
 39445 | Elf:3    | Noticed a Brimstone Fiend
 39448 | Elf:3    | Identified the +1 ring mail "Jokoova Wori" {Rampage rF+
                  | Dex+4}
 39451 | Elf:3    | Identified the ring "Xuovomue" {rC+ Stlth+}
 39797 | Elf:3    | Received a gift from Okawaru
 39999 | Elf:3    | Got Coum's Papyrus of the Traveller
 40018 | Elf:3    | Identified the amulet of Cielavi {Spirit Regen+}
 40094 | Elf:3    | Identified the +0 pair of gloves "Weowauto" {rC+ rN+}
 40119 | Elf:3    | Got the Disquisition on Unholy Transmigration
 42061 | Spider:3 | Received a gift from Okawaru
 42900 | Shoals:4 | Entered Level 4 of the Shoals
 43484 | Shoals:4 | Reached XP level 19. HP: 124/183 MP: 17/20
 43516 | Shoals:4 | HP: 5/183 [merfolk javelineer/silver javelin (12)]
 44036 | Shoals:4 | Received a gift from Okawaru
 45137 | Shoals:4 | Got a barnacled rune of Zot
 45217 | Shoals:4 | Received a gift from Okawaru
 45329 | Shoals:4 | Noticed Polyphemus
 45338 | Shoals:4 | Killed Polyphemus
 45791 | Spider:4 | Entered Level 4 of the Spider Nest
 46866 | Spider:4 | Received a gift from Okawaru
 47444 | Spider:4 | Identified the +2 kite shield of Noenatu {rPois rCorr}
                  | (Okawaru gifted it to you on level 4 of the Spider Nest)
 47444 | Spider:4 | Received a gift from Okawaru
 47483 | Spider:4 | Identified the +0 pair of boots of Shadows and Fog {Str+7}
 47579 | Spider:4 | Got a gossamer rune of Zot
 47911 | Vaults:1 | Entered Level 1 of the Vaults
 48656 | Vaults:1 | Reached XP level 20. HP: 189/193 MP: 21/21
 49062 | Vaults:1 | Found Saigaol's General Store.
 50048 | Vaults:2 | Received a gift from Okawaru
 50242 | Vaults:2 | Noticed Bai Suzhen
 50383 | Vaults:2 | Killed Bai Suzhen
 50673 | Vaults:2 | Received a gift from Okawaru
 50831 | Vaults:2 | Reached skill level 27 in Shields
 51129 | Vaults:2 | Found Ycedabir's Antique Armour Shoppe.
 51531 | Vaults:3 | Found a flickering gateway to a bazaar.
 51551 | Bazaar   | Entered a bazaar
 51559 | Bazaar   | Found Roiseog's Antique Weapon Emporium.
 51570 | Bazaar   | Found Owynewoy's Antique Weapon Shoppe.
 51589 | Bazaar   | Found Lageq's Antique Armour Emporium.
 51600 | Bazaar   | Found Dexzeige's Antique Armour Shoppe.
 51607 | Bazaar   | Bought a pair of bloodstained gloves for 180 gold pieces
 51607 | Bazaar   | Identified the +0 pair of gloves of Creativity {Str+2
                  | Slay+6} (You bought it in a shop in a bazaar)
 51621 | Bazaar   | Bought a glimmering scale mail for 171 gold pieces
 51621 | Bazaar   | Identified the +1 scale mail "Wat Nuil" {-Tele rC+ Int+2}
                  | (You bought it in a shop in a bazaar)
 51655 | Bazaar   | Bought an ebony quarterstaff for 135 gold pieces
 51655 | Bazaar   | Identified the +0 quarterstaff of Tuxaazan {vorpal, rPois
                  | Will+} (You bought it in a shop in a bazaar)
 51655 | Bazaar   | Bought a fine hand axe for 120 gold pieces
 51655 | Bazaar   | Identified the +6 hand axe of Dohoep {vorpal, Dex+5} (You
                  | bought it in a shop in a bazaar)
 51705 | Vaults:3 | Received a gift from Okawaru
 52188 | Vaults:3 | Received a gift from Okawaru
 52188 | Vaults:3 | Found the +3 Mad Mage's Maulers {Infuse+∞ RegenMP Int-3}
 52196 | Vaults:3 | Reached XP level 21. HP: 202/205 MP: 22/22
 52529 | Vaults:3 | Found a staircase to the Crypt.
 53313 | Vaults:4 | Received a gift from Okawaru
 53999 | Vaults:4 | Identified the amulet "Weqisuf" {Spirit Contam rF++ Will+
                  | Str+3}
 54549 | Vaults:4 | Received a gift from Okawaru
 54549 | Vaults:4 | Found the +3 crown of Dyrovepreva {rElec Int+2 SInv}
 55200 | Orc:2    | Bought the +7 great mace "Firestarter" {inner flame, rF++}
                  | for 996 gold pieces
 55200 | Orc:2    | Found the +7 great mace "Firestarter" {inner flame, rF++}
 55486 | Vaults:5 | Entered Level 5 of the Vaults
 55502 | Vaults:5 | Reached skill level 1 in Maces & Flails
 55503 | Vaults:5 | Reached XP level 22. HP: 36/220 MP: 23/23
 55651 | Vaults:5 | Noticed Mennas
 55667 | Vaults:4 | Killed Mennas
 56206 | Vaults:5 | Identified the +4 tower shield of Duck's Teeth {rC- rCorr
                  | Dex+7} (Okawaru gifted it to you on level 5 of the Vaults)
 56206 | Vaults:5 | Received a gift from Okawaru
 56215 | Vaults:5 | Identified the +11 broad axe of the Beginning {venom,
                  | *Corrode rPois Str+7}
 56219 | Vaults:5 | Noticed a golden dragon
 56228 | Vaults:5 | Killed a golden dragon
 58493 | Vaults:5 | Got Moh Pazeong's Almanac of the Rocks and the Arsonist
 58757 | Vaults:5 | Identified the +8 scythe "Igusohew" {spect, rPois rC+}
 59321 | Vaults:5 | Identified the ring "Takungud" {MP+9 Int+6 Slay+2}
 59333 | Vaults:5 | Got the Reference Book on Attacks
 59335 | Vaults:5 | Got a silver rune of Zot
 59337 | Vaults:5 | Identified the +9 dagger "Koduit" {antimagic, Int+4}
 60111 | Crypt:1  | Entered Level 1 of the Crypt
 60141 | Crypt:1  | Identified the +3 plate armour of Muafrad {Harm rPois rC+}
                  | (Okawaru gifted it to you on level 1 of the Crypt)
 60141 | Crypt:1  | Received a gift from Okawaru
 60665 | Crypt:1  | Found a one-way gate to the infinite horrors of the Abyss.
 60666 | Crypt:1  | Found a corrupted altar of Lugonu.
 61287 | Crypt:2  | Noticed Margery
 61303 | Crypt:2  | Killed Margery
 61304 | Crypt:2  | Reached XP level 23. HP: 212/232 MP: 22/24
 62050 | Crypt:2  | Acquired 575 gold pieces
 62099 | Crypt:3  | Entered Level 3 of the Crypt
 62125 | Crypt:3  | Received a gift from Okawaru
 62430 | Crypt:3  | Found the +7 great mace "Undeadhunter" {disrupt, rN+}
 62529 | Crypt:3  | HP: 11/234 [phantasmal warrior[a curse skull] (14)]
 62782 | Crypt:3  | Noticed an ancient lich
 62783 | Crypt:3  | Noticed a dread lich
 62783 | Crypt:3  | Noticed an ancient lich
 62886 | Crypt:3  | Found a staircase to the Tomb.
 63430 | Depths:1 | Entered Level 1 of the Depths
 63594 | Depths:1 | Noticed Sojobo
 63600 | Depths:1 | You fall into a shaft and drop 1 floor!
 63646 | Depths:2 | Noticed an ancient lich
 63815 | Depths:2 | Killed an ancient lich
 64323 | Depths:2 | Received a gift from Okawaru
 64439 | Depths:2 | Found a one-way gate leading to the halls of Pandemonium.
 64633 | Depths:2 | Got the Catalogue of Stolen Souls
 64698 | Depths:2 | Found Fyfifuet's Overcharged Wands.
 64898 | Depths:2 | Found a gateway to Hell.
 65344 | Depths:1 | Found a one-way gateway to a ziggurat.
 65449 | Depths:1 | Found Fidisiv's Magic Scroll Shoppe.
 65462 | Depths:1 | Bought a scroll of teleportation for 54 gold pieces
 65462 | Depths:1 | Bought a scroll of blinking for 135 gold pieces
 65462 | Depths:1 | Bought a scroll of fear for 63 gold pieces
 65462 | Depths:1 | Bought a scroll of fear for 63 gold pieces
 65462 | Depths:1 | Bought a scroll of enchant armour for 135 gold pieces
 65596 | Depths:1 | Found a sparkling altar of Nemelex Xobeh.
 65622 | Depths:1 | Found Witatij's Mayhem Merchandise.
 65679 | Depths:1 | Killed Sojobo
 65846 | Depths:3 | Noticed Jory
 65850 | Depths:3 | Paralysed by a vampire knight for 5 turns
 65859 | Depths:3 | Killed Jory
 66028 | Depths:3 | Identified the +1 robe "Sappocum" {Str+2 Int+3 Dex+7
                  | Slay-2} (Okawaru gifted it to you on level 3 of the Depths)
 66028 | Depths:3 | Received a gift from Okawaru
 66088 | Depths:3 | Reached XP level 24. HP: 247/247 MP: 24/24
 66220 | Depths:3 | Found a white marble altar of Elyvilon.
 66501 | Depths:3 | Identified the +0 cloak of Watchfulness {rC+ Stlth+}
 66503 | Depths:3 | Identified the +10 demon blade "Trog's Hatred" {vamp, Int+4
                  | Dex+8}
 66504 | Depths:3 | Identified the +8 war axe of Ruith {vorpal, SInv}
 66592 | Depths:3 | Reached skill level 27 in Fighting
 66999 | Depths:4 | Entered Level 4 of the Depths
 67010 | Depths:4 | Found a shimmering blue altar of Sif Muna.
 67058 | Depths:4 | Found Bozoc's Assorted Antiques.
 67064 | Depths:4 | Bought masterwork ice dragon scales for 2080 gold pieces
 67064 | Depths:4 | Identified the +0 ice dragon scales "Ivemeoh" {rF- rC++
                  | rN++ Int-2 Dex+7} (You bought it in a shop on level 4 of
                  | the Depths)
 67820 | Depths:4 | Found a gate to the Realm of Zot.
 67820 | Depths:4 | Identified the +9 mace of Gluttony {protect, rC++ rN+ Str+9
                  | Dex-3}
 68391 | Depths:4 | Found Bupsi's Antique Armour Shoppe.
 68969 | Depths:4 | Received a gift from Okawaru
 69009 | Depths:4 | Found a hazy altar of Hepliaklqana.
 69162 | Depths:4 | Bought a scroll of blinking for 240 gold pieces
 69195 | Zot:1    | Entered Level 1 of the Realm of Zot
 69462 | Zot:1    | Identified the +1 scale mail of the Alphagorgon {Harm
                  | *Corrode rN+++ Dex+4} (Okawaru gifted it to you on level 1
                  | of the Realm of Zot)
 69462 | Zot:1    | Received a gift from Okawaru
 70713 | Zot:2    | Noticed an orb of fire
 70713 | Zot:2    | Gained mutation: You occasionally shout uncontrollably at
                  | your foes. [an orb of fire]
 70720 | Zot:2    | Killed an orb of fire
 71123 | Zot:2    | Reached skill level 27 in Long Blades
 71145 | Zot:2    | Reached XP level 25. HP: 244/257 MP: 24/24
 72229 | Slime:1  | Entered Level 1 of the Pits of Slime
 72337 | Slime:3  | Identified the +5 plate armour of Vanity {rPois Regen+
                  | Stlth+} (Okawaru gifted it to you on level 3 of the Pits of
                  | Slime)
 72337 | Slime:3  | Received a gift from Okawaru
 72404 | Slime:5  | Entered Level 5 of the Pits of Slime
 72452 | Slime:5  | Gained mutation: You are agile. (Dex +2) [a shining eye]
 72453 | Slime:5  | Gained mutation: Armour fits poorly on your strangely
                  | shaped body. [a shining eye]
 72534 | Slime:5  | Gained mutation: You are weak. (Str -2) [a shining eye]
 72554 | Slime:5  | Noticed the Royal Jelly
 72570 | Slime:5  | Killed the Royal Jelly
 72577 | Slime:5  | HP: 13/385 [acid blob/splash of acid[the Royal Jelly] (8)]
 72577 | Slime:5  | HP: 5/385 [quicksilver ooze[the Royal Jelly] (8)]
 72579 | Slime:5  | Mangled by an acid blob

Illustrated notes

Levels and vault maps discovered:
D:1:      wander_arrival_abandoned_jail, layout_basic,
          shapermc_ecumenical_altar_mp_ritualfount, serial_shops, shop_fountains
D:2:      layout_loops_ring, pf_guarded_unrand_woodcutter
D:3:      layout_loops_ring
D:4:      layout_rooms, nicolae_gozag_seed_capital, lightli_minifort
D:5:      layout_gridville, ebering_ghost_sewer_d, chequers_decorated_corner,
          uniq_menkaure
D:6:      layout_cave_pools, minmay_temple_entry_mini_moons,
          portal_sewer_entry_a, st_stairs_2, corexii_checkpoint_a,
          eino_tiny_chamber
D:7:      layout_basic, minivault_4, sigmund_edmund_badplayer
D:8:      layout_basic, due_lair_maze_entry_diamond, nicolae_specific_store,
          uniq_pikel
D:9:      layout_layer_cave, enter_bailey_2, special_room [special_room_orc],
          serial_shops, shop, minmay_crystal_room, uniq_maurice
D:10:     layout_rooms, uniq_erolcha
D:11:     layout_grid_maze, gammafunk_ghost_arena, uniq_snorg
D:12:     layout_basic, orc_0_dummy, patterned_corridor, uniq_josephine,
          uniq_fannar
D:13:     layout_roguey, grunt_vaults_entry_fortified, minmay_misc_feat_hallway
D:14:     layout_basic, grunt_decor_cap
D:15:     grunt_enter_depths_giant_problem, layout_gridville, serial_shops,
          shop, grunt_decor_junction, drop_trap
Temple:   minmay_crystal_snake_temple
Lair:1:   layout_regular_city, nicolae_volcano_entry_s_turn,
          beast_lair_carwin_9, infiniplex_staircase_pool_2, uniq_erica
Lair:2:   layout_layer_cave, grunt_megastairs_1
Lair:3:   layout_small_grid, basic_altar, grunt_megastairs_5
Lair:4:   layout_cave_pods, elwin_shoals_entry_rooms, spider_nest_entry_rubble,
          nzn_ghost_randoct
Lair:5:   layout_roguey, minmay_slime_entry_jelly_boxes,
          nicolae_lair_grove_arrangements, kennysheep_basilisk_garden,
          serial_bayou_shore_b
Lair:6:   gammafunk_lair_ancient_temple, layout_regular_city, minivault_27,
          lemuel_centaur_altar
Shoals:1: layout_shoals, uniq_roxanne
Shoals:2: layout_shoals, gammafunk_ghost_arena
Shoals:3: layout_shoals, gammafunk_ghost_necromancy, serial_shops,
          nicolae_shop_statue_plus, shop, nicolae_shop_advertising_works
          [nicolae_subvault_shop_adworks], nicolae_shop_hallway_plus, uniq_aizul
Shoals:4: shoals_end_simple, layout_shoals, nicolae_shoals_goliath_grotto,
          uniq_polyphemus
Spider:1: layout_cave_pods
Spider:2: layout_spider_delve
Spider:3: layout_spider_delve
Spider:4: spider_rune_water, nicolae_looking_at_the_future
Slime:1:  layout_caves, basic_altar
Slime:2:  layout_caves, nicolae_slime_round_cave
Slime:3:  layout_caves
Slime:4:  layout_caves
Slime:5
Orc:1:    layout_caves
Orc:2:    st_orc_congregation, layout_caves, gauntlet_entry_generic,
          uniq_saint_roka, uniq_donald
Elf:1:    eino_elf_arrival_shootout, layout_gridlike, serial_shops, shop,
          orc_legates, minmay_misc_feat_rows, nicolae_take_the_stairs
Elf:2:    nicolae_elf_blades_crystal_corner, layout_onion_city, basic_altar,
          serial_shops, shop, drop_trap
Elf:3:    grunt_elf_hall_branching, layout_loops_cross, serial_shops, shop
Vaults:1: nicolae_vaults_little_squares_2, grunt_vaults_swirl,
          ontoclasm_vaults_bender, vaults_room_large_hall, v_misc_5,
          vaults_room_door_hall, v_misc_11, ontoclasm_vaults_loading_screen,
          dpeg_vaults_monster_box, ontoclasm_vaults_loading_screen,
          ontoclasm_vaults_spin, vaults_room_semicircle, layout_vaults_omnigrid,
          serial_shops, shop
Vaults:2: v_rooms_6, vaults_mumra_minichess_inversion, ontoclasm_vaults_twist,
          nicolae_vaults_circle_grid_a, v_pattern_2, v_misc_18, st_hourglassy,
          hangedman_vaults_river_flow, ontoclasm_vaults_chip,
          layout_vaults_big_room, serial_shops, nicolae_shop_stone,
          uniq_bai_suzhen
Vaults:3: v_misc_3, hangedman_vaults_capsules, nicolae_vaults_statue_guard,
          serial_ice_m, hangedman_vaults_stagger, v_misc_33,
          hangedman_vaults_slice, minmay_crypt_entry_vampire_xt,
          nicolae_vaults_big_ls, vaults_dpeg_hooks,
          nicolae_vaults_little_squares_4, nicolae_vaults_angled_halls,
          layout_vaults_omnibox, serial_shops, bzr_entry_lakeside
Vaults:4: nicolae_vaults_little_squares_1, nicolae_vaults_network_periphery,
          hangedman_vaults_stitches, vaults_room_fancy_cross,
          vaults_mumra_chevron_long, v_misc_14, ontoclasm_vaults_chip,
          v_rooms_4, hangedman_vaults_trim, st_check, nicolae_vaults_theta,
          nicolae_vaults_little_squares_3, layout_vaults_omnicross
Vaults:5: serial_shops, uniq_mennas
Crypt:1:  layout_regular_city, amcnicky_altar_lugonu_corruption
Crypt:2:  layout_basic, uniq_margery
Crypt:3:  david_glass_crypt, layout_misc_corridors, tomb_entry_simple_bobbens
Depths:1: layout_gridville, enter_ziggurat_b, kennysheep_cross_room, hell_entry,
          st_stairs_9, minmay_shop_mayhem, minmay_shop_grid_forest,
          nicolae_water_bricks, nemelex_spade_bored_becter, uniq_sojobo
Depths:2: nicolae_cairo_tiling_large, layout_gridlike, special_room
          [special_room_morgue], minmay_misc_feat_x, rand_demon_pan_entry_8,
          grunt_hell_entry_dis_mu, nicolae_shop_overcharged_wands,
          infiniplex_staircase_zigzag_3
Depths:3: minmay_haunted_quarter, layout_basic, elyvilon_altar_5,
          grunt_pan_entry_in_and_out, abyss_entry, hell_entry,
          serial_bayou_shore_a, uniq_jory
Depths:4: grunt_crosshair, layout_honeycomb, serial_shops, nicolae_square_shop,
          nicolae_shop_behind_doors, nicolae_sif_muna_condensation, hell_entry,
          nzn_hepliaklqana_mist_gate
Zot:1:    layout_cellular_growth, skrybe_zot_glass_3
Zot:2:    layout_basic, hangedman_snake_sidewinding

Skill      XL: |  1  2  3  4  5  6  7  8  9 10 11 12 13 14 15 16 17 18 19 20 21 22 23 24 25 |
---------------+----------------------------------------------------------------------------+-----
Armour         | 4 5 6 7 9 10 11 12 13 14 15 16 17 18 19 20 21 23 25 | 25.0
Long Blades    | 3 5 6 10 13 14 15 16 17 18 19 21 22 24 27 | 27.0
Fighting       | 4 5 6 7 9 10 12 13 14 15 16 17 18 19 20 21 23 24 26 27 | 27.0
Shields        | 4 5 6 9 10 12 13 15 17 20 21 23 25 27 | 27.0
Dodging        | 1 2 3 4 5 6 7 |  7.6
Axes           | 1 2 4 6 8 10 11 12 | 12.3
Stealth        | 1 2 3 4 |  4.0
Polearms       | 2 |  2.3
Invocations    | 1 2 3 |  3.8
Maces & Flails | 2 3 |  3.1
Evocations     | |  0.7

Action                   |  1- 3 |  4- 6 |  7- 9 | 10-12 | 13-15 | 16-18 | 19-21 | 22-24 | 25-27 || total
-------------------------+-------+-------+-------+-------+-------+-------+-------+-------+-------++-------
Melee: Long sword        |    66 |    33 |       |       |  1130 |   198 |    89 |    14 |       ||  1530
       Headbutt          |     9 |    12 |    31 |   120 |   419 |   519 |   503 |   590 |    59 ||  2262
       War axe           |       |    48 |   170 |   410 |   139 |     8 |    37 |       |       ||   812
       Spear             |       |       |       |     8 |       |       |       |       |       ||     8
       Scimitar          |       |       |       |    61 |   221 |  1744 |       |       |       ||  2026
       Double sword      |       |       |       |       |       |       |  1484 |  1681 |   154 ||  3319
       Great mace        |       |       |       |       |       |       |     5 |       |       ||     5
Invok: Heroism           |       |       |       |     5 |    18 |    24 |     8 |     9 |     1 ||    65
Evoke: Wand              |       |       |       |     7 |       |     3 |       |       |       ||    10
  Use: Scroll            |       |     4 |     2 |    11 |    12 |    13 |    15 |    21 |       ||    78
       Potion            |       |       |       |     4 |    12 |     6 |     2 |     5 |     1 ||    30
 Stab: Petrified         |       |       |       |       |     2 |       |       |       |       ||     2
       Distracted        |       |       |       |       |     1 |       |     1 |       |       ||     2
Armor: Scale mail        |    37 |    36 |    53 |       |       |       |       |       |       ||   126
       Plate armour      |       |       |    54 |   311 |   672 |   747 |   541 |   145 |       ||  2470
       Storm dragon scal |       |       |       |       |       |       |    10 |       |       ||    10
       Gold dragon scale |       |       |       |       |       |       |       |   406 |   100 ||   506
Dodge: Dodged            |    41 |    33 |    75 |   171 |   386 |   410 |   356 |   369 |    51 ||  1892
Block: Buckler           |    20 |    15 |    64 |   311 |   424 |       |       |       |       ||   834
       Reflection        |       |       |       |     9 |    60 |   202 |    95 |    58 |     3 ||   427
       Kite shield       |       |       |       |       |   917 |  1282 |       |       |   150 ||  2349
       Tower shield      |       |       |       |       |       |  1083 |  2683 |  2568 |    84 ||  6418
       Other             |       |       |       |       |       |       |    14 |       |       ||    14
